[Event "MČR v bleskovém šachu družstev 2019"]
[Site "Teplice, Czech Republic"]
[Date "2019.09.14"]
[Round "5.1"]
[White "Liska, Jiri"]
[Black "Kociscak, Jiri"]
[Result "0-1"]
[TimeControl "3 mim. + 2 s"]
[WhiteTitle "FM"]
[BlackTitle "IM"]
[BlackFideId "322121"]
[WhiteElo "2241"]
[BlackElo "2417"]

1. Nf3 d5 2. d4 e6 3. c4 c5 4. cxd5 exd5 5. Nc3 Nc6 6. Be3 c4 7. Bf4 Nf6 8. e3 Bd6 9. Bg3 O-O 10.
Ne5 Re8 11. f4 Bb4 12. Be2 Ne4 13. Rc1 f6 14. Nxc6 bxc6 15. Bf2 Qe7 16. Bg1 Rb8 17. Qc2 Bf5 18. g4 Nxc3 19. gxf5 Nxa2+ 20. Kf1 Nxc1 21. Qxc1 Qe4 0-1

[Event "MČR v bleskovém šachu družstev 2019"]
[Site "Teplice, Czech Republic"]
[Date "2019.09.14"]
[Round "5.2"]
[White "Polak, Tomas"]
[Black "Vltavsky, Vladimir"]
[Result "0-1"]
[TimeControl "3 mim. + 2 s"]
[WhiteTitle "GM"]
[WhiteFideId "300560"]
[WhiteElo "2510"]
[BlackElo "2252"]

1. d4 Nf6 2. c4 e6 3. Nf3 b6 4. g3 Bb7 5. Bg2 Be7 6.
O-O O-O 7. Nc3 Ne4 8. Qc2 Nxc3 9. bxc3 f5 10. d5 Na6 11. Bf4 Nc5 12.
Rad1 d6 13. dxe6 Nxe6 14. Bc1 Be4 15.
Qd2 Qe8 16. Rfe1 h6 17. Nd4 Nc5 18. f3 Bb7 19. Ba3 Bg5 20. e3 Qe7 21. h4 Bf6 22. Nxf5 Qe5 23. e4 Qxc3 24. Qxc3 Bxc3 25.
Re3 Bf6 26. f4 Rfe8 27. Bxc5 bxc5 28.
e5 Bxg2 29. exf6 Rxe3 30. Nxe3 Bf3 31. Rf1 Be2 32. Rf2 Bd3 33. fxg7 Kxg7 34. Rb2 Re8 35. Kf2 a5 36. Rb7 Re7 37. g4 Rf7 38. Kf3 Re7 39. f5 Be4+ 40. Kf4 Bxb7 0-1

[Event "MČR v bleskovém šachu družstev 2019"]
[Site "Teplice, Czech Republic"]
[Date "2019.09.14"]
[Round "5.3"]
[White "Marsalek, Zdenek"]
[Black "Stocek, Jiri"]
[Result "0-1"]
[TimeControl "3 mim. + 2 s"]
[BlackTitle "GM"]
[BlackFideId "304760"]
[WhiteElo "2272"]
[BlackElo "2505"]

1. d4 Nf6 2. Nf3 c5 3. g3 cxd4 4. Nxd4 d5 5. Bg2 e5 6. Nb3 h6 7. c4 d4 8. O-O Nc6 9. e3 Bg4 10.
f3 Be6 11. exd4 Bxc4 12. Re1 Bb4 13. Nc3 O-O 14. dxe5 Qxd1 15. Rxd1 Nxe5 16. Be3 Nd3 17. Na4 Rfe8 18. Bd4 Rad8 19. Bxf6 gxf6 20. Bf1 b5 21.
Bxd3 Bxd3 22. Nac5 Bc4 23. Ne4 Kg7 24. Rac1 f5 25. Nc3 Bxc3 26. bxc3 Rxd1+ 27. Rxd1 Re3 28. Nd4 Kf6 29. Rc1 Bxa2 30. Ra1 Bc4 31. Ra6+ Ke5 32. Rxa7 Rxc3 33. Nc6+ Kd6 34. Nd4 Kc5 35. Nxf5 Rxf3 36. g4 h5 37.
Ng3 hxg4 38. Rc7+ Kd4 39. Rd7+ Ke5 40. Rb7 Kd5 41. Rd7+ Kc6 42. Rd8 b4 43. Rb8 b3 44. Nf5 Rxf5 0-1

[Event "MČR v bleskovém šachu družstev 2019"]
[Site "Teplice, Czech Republic"]
[Date "2019.09.14"]
[Round "5.4"]
[White "Vymazal, Bronislav"]
[Black "Duran, Tomas"]
[Result "1-0"]
[TimeControl "3 mim. + 2 s"]
[WhiteFideId "318396"]
[WhiteElo "2309"]
[BlackElo "2135"]

1. g3 Nf6 2. Bg2 g6 3.
f4 Bg7 4. e4 d6 5. Nc3 O-O 6.
d4 e5 7.
Nf3 Bg4 8. dxe5 Bxf3 9. Qxf3 dxe5 10. Be3 c6 11. O-O Nbd7 12. Rad1 Qe7 13. f5 b6 14. g4 h6 15. h4 Nh7 16.
g5 hxg5 17. hxg5 f6 18. fxg6 Nxg5 19. Qh5 Bh8 20. Rf5 Ne6 21. Bh3 Rad8 22. Rdf1 Rfe8 23. R5f3 Nef8 24. Bf5 Nc5 25. Rh3 Qg7 26. Bh6 Qe7 27. Bxf8 1-0

[Event "MČR v bleskovém šachu družstev 2019"]
[Site "Teplice, Czech Republic"]
[Date "2019.09.14"]
[Round "5.5"]
[White "Jirovsky, Milos"]
[Black "Vykouk, Jan"]
[Result "0-1"]
[TimeControl "3 mim. + 2 s"]
[WhiteTitle "GM"]
[BlackTitle "IM"]
[WhiteFideId "303224"]
[WhiteElo "2499"]
[BlackElo "2439"]

1. d4 Nf6 2. c3 g6 3. Bg5 Bg7 4. Nd2 d5 5.
e3 O-O 6. Bd3 Nbd7 7. f4 c5 8.
Ngf3 b6 9. O-O Bb7 10. Qe2 Qc7 11. a4 Rfe8 12. Ne5 Ne4 13. Nxe4 dxe4 14. Bb5 Bc8 15. Bc6 Nxe5 16. Bxa8 Bg4 17.
Qc2 Nc4 18. Qxe4 Nd6 19. Qc6 Qb8 20.
a5 bxa5 21. dxc5 Nc4 22. Qe4 Nd2 23.
Qb7 Nxf1 24. Qxb8 Rxb8 25. Be4 Nd2 26. Bd5 e6 27.
Bc6 Rc8 28. Ba4 Rxc5 29. h3 Bf5 30. Rd1 Rd5 31. g4 Be4 32. b4 Nf3+ 33. Kf2 Rxd1 34. Bxd1 Nxg5 35. fxg5 Bxc3 36. bxa5 Bxa5 0-1

[Event "MČR v bleskovém šachu družstev 2019"]
[Site "Teplice, Czech Republic"]
[Date "2019.09.14"]
[Round "5.6"]
[White "Studnicka, Tomas"]
[Black "Sokolov, Alexander"]
[Result "1/2-1/2"]
[TimeControl "3 mim. + 2 s"]
[WhiteTitle "IM"]
[BlackTitle "FM"]
[BlackFideId "4119177"]
[WhiteElo "2215"]
[BlackElo "2417"]

1. d4 Nf6 2. Nf3 g6 3. c4 Bg7 4. Nc3 O-O 5.
Bg5 h6 6. Bh4 c5 7. d5 d6 8. e3 e6 9. Be2 exd5 10.
cxd5 a6 11. a4 Bg4 12. O-O Re8 13. Nd2 Bxe2 14.
Qxe2 Nbd7 15. a5 Qc7 16. Nc4 b5 17. axb6 Nxb6 18. Bg3 Nxc4 19. Qxc4 Qb6 20. Na4 Qb5 21. Qc2 Ne4 22. Nc3 Bxc3 23.
bxc3 Nxg3 24. hxg3 Qc4 25. Rfd1 Reb8 26. Ra4 Qb3 27. Qxb3 Rxb3 28. c4 Rb4 29. Rda1 Rxa4 30. Rxa4 a5 31.
f4 f5 32. Kf2 Kf7 33. Kf3 h5 34.
e4 Kf6 35. Ke3 g5 36. Kf3 Ra7 37. Ke3 Re7 38. e5+ dxe5 39.
Rxa5 exf4+ 40. Kf3 Re3+ 41. Kf2 Rxg3 42. Rxc5 Rc3 43. Rc6+ Ke5 44. d6 Rc2+ 45. Kg1 Rc1+ 46.
Kf2 Rc2+ 47. Kg1 Rc1+ 48. c5 Ke6+ 49. Kf1 1/2-1/2

[Event "MČR v bleskovém šachu družstev 2019"]
[Site "Teplice, Czech Republic"]
[Date "2019.09.14"]
[Round "5.7"]
[White "Dolezal, Radoslav"]
[Black "Cech, Pavel"]
[Result "1-0"]
[TimeControl "3 mim. + 2 s"]
[WhiteTitle "IM"]
[BlackTitle "IM"]
[WhiteFideId "304735"]
[WhiteElo "2359"]
[BlackElo "2387"]

1. d4 d5 2. Nf3 Nf6 3.
c4 c6 4. e3 Bf5 5. Qb3 Qc7 6.
cxd5 cxd5 7. Nc3 e6 8. Bd2 Nc6 9. Rc1 Be7 10. Be2 O-O 11. O-O Qb6 12. Qxb6 axb6 13. a3 Na5 14. Nb5 Rac8 15.
Bxa5 bxa5 16. Ne5 Ne4 17.
Rfd1 Rfd8 18. Nd3 b6 19. f3 Nf6 20. Kf2 Bg6 21. Ne5 Kf8 22. Nc6 Rd7 23. Nxe7 Rxc1 24. Nxg6+ 1-0

[Event "MČR v bleskovém šachu družstev 2019"]
[Site "Teplice, Czech Republic"]
[Date "2019.09.14"]
[Round "5.8"]
[White "Sodoma, Jan"]
[Black "Postupa, Pavel"]
[Result "1-0"]
[TimeControl "3 mim. + 2 s"]
[WhiteTitle "IM"]
[BlackFideId "326410"]
[WhiteElo "2193"]
[BlackElo "2184"]

1. Nf3 Nf6 2. c4 g6 3. b3 Bg7 4. Bb2 c5 5. g3 b6 6. Bg2 Bb7 7. O-O O-O 8. d4 cxd4 9. Qxd4 d6 10. Rd1 Nbd7 11. Nc3 Ne4 12. Qe3 Nxc3 13. Bxc3 Bxc3 14.
Qxc3 Rc8 15. Rac1 Bxf3 16. Qxf3 Qc7 17. Bh3 Rcd8 18. Bxd7 Rxd7 19. Rc3 Rdd8 20. h4 Qc5 21. Rd5 Qc6 22.
Rcd3 Rfe8 23. h5 e6 24. R5d4 Qxf3 25. exf3 Kf8 26. Rxd6 Rxd6 27. Rxd6 Ke7 28. Rd4 gxh5 29. Kg2 Rc8 30. Kh3 Rc5 31. Kh4 Rf5 32. f4 a6 33. Re4 Kd6 34. Rd4+ Kc7 35.
Rd3 Ra5 36. a4 Rf5 37. b4 a5 38. bxa5 Rxa5 39.
Re3 Rxa4 40. Kxh5 Rxc4 41. Kh6 Rc5 42. Kxh7 b5 43. Kg7 Rf5 44. Re4 Kc6 45.
g4 Rc5 46. Kxf7 Kd5 47. Re5+ Kd4 48.
Rxc5 Kxc5 49. g5 b4 50. g6 b3 51. g7 b2 52. g8=Q b1=Q 53. Qc8+ Kd4 54. Qd7+ Kc5 55.
Qc7+ Kd5 56. Qe5+ Kc4 57. Qxe6+ Kd4 58. f5 Qb7+ 59. Kg6 Qg2+ 60. Kf7 Qh3 61. Qe3+ Kd5 1-0

[Event "MČR v bleskovém šachu družstev 2019"]
[Site "Teplice, Czech Republic"]
[Date "2019.09.14"]
[Round "5.9"]
[White "Rubes, Jan"]
[Black "Istona, Martin"]
[Result "1-0"]
[TimeControl "3 mim. + 2 s"]
[WhiteTitle "FM"]
[BlackTitle "FM"]
[WhiteFideId "338176"]
[BlackFideId "14923475"]
[WhiteElo "2316"]
[BlackElo "2078"]

1. Nf3 c5 2. c4 g6 3. d4 cxd4 4. Nxd4 Bg7 5. e4 Nc6 6. Be3 Nf6 7. Nc3 d6 8. Be2 O-O 9. O-O Nxd4 10. Bxd4 Bd7 11. h3 a5 12. Qc2 a4 13. Rad1 Qa5 14. Rfe1 Bc6 15. Nd5 Bxd5 16. exd5 Nd7 17.
Bxg7 Kxg7 18. Bf1 Rfe8 19. Re3 Nc5 20. Rde1 e5 21. dxe6 fxe6 22.
h4 e5 23. h5 Re6 24. Rg3 Rf8 25. hxg6 hxg6 26.
Ree3 Qd8 27. Rg4 Rff6 1-0

[Event "MČR v bleskovém šachu družstev 2019"]
[Site "Teplice, Czech Republic"]
[Date "2019.09.14"]
[Round "5.10"]
[White "Srba, Milan"]
[Black "Hadraba, Vladimir"]
[Result "0-1"]
[TimeControl "3 mim. + 2 s"]
[WhiteFideId "321575"]
[BlackFideId "301663"]
[WhiteElo "2195"]
[BlackElo "2095"]

1. e4 c5 2. Nf3 e6 3. d4 cxd4 4. Nxd4 a6 5. Bd3 Bc5 6. Nb3 Be7 7. Qg4 Bf6 8. f4 d6 9. Nc3 Nc6 10.
Be3 g6 11. O-O Bg7 12. Rae1 Nf6 13. Qh4 Nh5 14. Qh3 e5 15. f5 Nf4 16. Bxf4 exf4 17. Rxf4 O-O 18. Nd5 Ne5 19. Rh4 h5 20.
Qg3 Nxd3 21. cxd3 Be5 22. Qf3 Qxh4 23. g3 Qg5 24. d4 Bg7 25. f6 Bh6 26. h4 Qg4 27. Qf2 Be6 28. Ne7+ Kh7 29. d5 Rae8 30. dxe6 Qxe6 31.
Nd4 Qe5 32. Nf3 Qc5 33. Qxc5 dxc5 34. Nd5 Re6 35. Kg2 Rd8 36. Rc1 b6 37. a4 Rxe4 38. Rd1 Rd4 39. Nxd4 Rxd5 0-1

[Event "MČR v bleskovém šachu družstev 2019"]
[Site "Teplice, Czech Republic"]
[Date "2019.09.14"]
[Round "5.12"]
[White "Toulec, Stanislav"]
[Black "Krutsky, Martin"]
[Result "0-1"]
[TimeControl "3 mim. + 2 s"]
[WhiteFideId "319023"]
[BlackFideId "361526"]
[WhiteElo "2074"]
[BlackElo "1974"]

1. f4 d5 2. Nf3 g6 3. e3 Bg7 4. d4 f5 5. h4 Nf6 6. Nc3 c6 7. Bd2 Nbd7 8. Be2 Nh5 9.
Rh3 Ndf6 10. Ne5 O-O 11. Bf3 Qb6 12. Na4 Qc7 13. Nc5 b6 14. Ncd3 Be6 15. b3 Qc8 16. Qe2 Ng4 17. O-O-O a5 18.
Nf2 Nhf6 19. h5 gxh5 20. Rdh1 a4 21. b4 c5 22. Rxh5 Nxh5 23. Rxh5 cxb4 24. Bxb4 Qe8 25. Rg5 Kh8 26. Nfxg4 fxg4 27. Bxg4 Bxg4 28. Nxg4 Rf7 0-1

[Event "MČR v bleskovém šachu družstev 2019"]
[Site "Teplice, Czech Republic"]
[Date "2019.09.14"]
[Round "5.13"]
[White "Sykora, Ondrej"]
[Black "Krejci, Jan"]
[Result "0-1"]
[TimeControl "3 mim. + 2 s"]
[BlackTitle "GM"]
[BlackFideId "322156"]
[WhiteElo "2122"]
[BlackElo "2527"]

1. e4 e5 2. Nf3 Nc6 3. Bc4 Bc5 4. O-O Nf6 5. d4 Bxd4 6. Nxd4 Nxd4 7.
Bg5 d6 8. f4 Be6 9. fxe5 dxe5 10. Bxe6 Nxe6 11. Bxf6 Qxd1 12. Rxd1 gxf6 13. Nc3 c6 14. Ne2 Ke7 15. Ng3 Ng7 16. Kf2 Rhd8 17. Ke2 Rxd1 18.
Rxd1 Rd8 19. Rf1 Ke6 20. c3 Ne8 21. Ke3 Nd6 22. b3 Rg8 23. Rf2 Rg5 24. Nf1 f5 25.
Nd2 fxe4 26. Nxe4 Nxe4 27. Kxe4 f5+ 28. Ke3 Rg7 29.
g3 Rd7 30. Ke2 e4 31. Rf4 Ke5 32. Rh4 a5 33. Rh5 Kf6 34. c4 Kg6 35. Rh4 a4 36. Rf4 h5 37. Rf1 Rd3 38.
bxa4 Ra3 39. Rb1 Rxa2+ 40. Ke3 Rxa4 41. Rxb7 Rxc4 42. Rd7 Kg5 43. Rg7+ Kf6 44. Rh7 Rc3+ 45. Ke2 Rc2+ 46. Ke3 Rxh2 47. Rh6+ Kg5 48. Rxc6 Rg2 49. Rc8 Rxg3+ 50. Kf2 Rf3+ 51. Kg2 h4 52. Rg8+ Kf4 53. Rh8 h3+ 54. Kh2 e3 55. Re8 Kg5 56. Rg8+ Kf6 57. Rf8+ Ke7 58. Ra8 e2 59. Ra7+ Kf6 60. Ra6+ Kg5 61. Re6 Rf2+ 62. Kxh3 f4 63. Re5+ Kf6 64. Re4 Rf3+ 65. Kg2 Re3 66. Rxf4+ Kg5 67. Rf8 e1=Q 68.
Rg8+ Kf6 69. Rf8+ Kg7 70. Rf2 Re2 71. Rxe2 Qxe2+ 0-1

[Event "MČR v bleskovém šachu družstev 2019"]
[Site "Teplice, Czech Republic"]
[Date "2019.09.14"]
[Round "5.15"]
[White "Zima, Jan"]
[Black "Strasil, Pavel"]
[Result "1/2-1/2"]
[TimeControl "3 mim. + 2 s"]
[BlackFideId "308013"]
[WhiteElo "2048"]
[BlackElo "2026"]

1. e4 e6 2. d4 d5 3. e5 c5 4. c3 Nc6 5. Nf3 Bd7 6. Be2 f6 7. O-O Qb6 8. Na3 Rc8 9. Nc2 cxd4 10. cxd4 Nb4 11. Nxb4 Bxb4 12. a3 Be7 13. b4 Bb5 14. Be3 f5 15. Bxb5+ Qxb5 16. Qd2 Kd7 17. Rac1 Rxc1 18. Rxc1 Qb6 19. h4 h5 20. g3 Nh6 21. Bxh6 Rxh6 22. Qc3 Rh8 23. Qc2 a6 24. Qa4+ Qb5 25. Qc2 Qb6 26. Qa4+ Qb5 27. Qc2 Qb6 28. Qa4+ Qb5 1/2-1/2

[Event "MČR v bleskovém šachu družstev 2019"]
[Site "Teplice, Czech Republic"]
[Date "2019.09.14"]
[Round "5.16"]
[White "Krejci, Jan"]
[Black "Broucek, Tomas"]
[Result "1/2-1/2"]
[TimeControl "3 mim. + 2 s"]
[WhiteFideId "316873"]
[WhiteElo "2048"]
[BlackElo "2044"]

1. Nf3 d6 2. d4 Nd7 3.
c4 e5 4.
Nc3 Ngf6 5. e4 exd4 6. Nxd4 Nc5 7. Qc2 a5 8. g3 Be7 9. Bg2 O-O 10. O-O c6 11. Be3 Qc7 12. Rac1 Be6 13.
b3 Rad8 14. a3 h6 15. b4 axb4 16. axb4 Na6 17. b5 Nc5 18. bxc6 bxc6 19. Nxe6 Nxe6 20. Ra1 Ra8 21. Rfb1 Ng4 22.
Bd2 Bf6 23. Rxa8 Rxa8 24. Ne2 Rb8 25.
h3 Ne5 26. Rxb8+ Qxb8 27. f4 Qb6+ 28.
Kh2 Nd7 29. Qd3 Nd4 30. Be3 c5 31. Nxd4 Bxd4 32. Bd2 Qb2 33. h4 Nf6 34. Kh3 h5 35. Bf3 g6 36. f5 Kg7 37. fxg6 fxg6 38. Bg5 Qa1 39. Qe2 Qb2 40.
Qxb2 Bxb2 41. Bf4 Ne8 42. Bd1 Kf6 43.
Ba4 Ke7 44. Bxe8 Kxe8 45. Bxd6 Bd4 46. g4 Kf7 47. gxh5 gxh5 48. Kg3 Kg6 49. Kf4 Bc3 50. e5 Be1 51. Be7 Bf2 52. Ke4 Kf7 53. Bg5 Ke6 54. Kf3 Bd4 55. Ke4 Bxe5 56. Bh6 Bd4 57. Bf8 Bg1 58. Kf4 Kf6 59. Bd6 Bd4 60. Bc7 Ke6 61. Kg5 Kd7 62. Bg3 Ke6 63. Kxh5 Kf5 64. Be1 Ke4 65. Kg6 Kd3 66. h5 Kxc4 67.
h6 Kd3 68. Bh4 c4 1/2-1/2

[Event "MČR v bleskovém šachu družstev 2019"]
[Site "Teplice, Czech Republic"]
[Date "2019.09.14"]
[Round "5.17"]
[White "Brejnik, Gustav"]
[Black "Soural, Jan"]
[Result "0-1"]
[TimeControl "3 mim. + 2 s"]
[WhiteFideId "362662"]
[BlackFideId "311928"]
[WhiteElo "2137"]
[BlackElo "2107"]

1. d4 Nf6 2. c4 g6 3. Nc3 d5 4. cxd5 Nxd5 5. e4 Nxc3 6. bxc3 Bg7 7. Nf3 c5 8. Be3 O-O 9. Qd2 cxd4 10. cxd4 Nc6 11. Bc4 Bg4 12. Rd1 Bxf3 13. gxf3 Qa5 14. O-O Qxd2 15. Rxd2 Rfc8 16. Be2 e5 17. d5 Nd4 18. Bxd4 exd4 19. Rb1 b6 20. Bb5 Rc3 21. Kg2 Rd8 22. Rb3 g5 23. Rxc3 dxc3 24. Rd3 c2 25. Rc3 Bxc3 0-1

[Event "MČR v bleskovém šachu družstev 2019"]
[Site "Teplice, Czech Republic"]
[Date "2019.09.14"]
[Round "5.18"]
[White "Vokoun, Jan"]
[Black "Hula, Lukas"]
[Result "1/2-1/2"]
[TimeControl "3 mim. + 2 s"]
[WhiteTitle "FM"]
[WhiteFideId "301647"]
[BlackFideId "319830"]
[WhiteElo "2123"]
[BlackElo "2111"]

1. d4 d5 2. Nf3 c6 3. e3 Nf6 4.
Bd3 Bg4 5. Nbd2 e6 6. h3 Bh5 7. c3 Nbd7 8. Qe2 Be7 9. e4 dxe4 10. Nxe4 Nxe4 11. Bxe4 Nf6 12. Bc2 Qd5 13. g4 Bg6 14. Bb3 Qe4 15. Rg1 O-O-O 16. Ne5 c5 17. dxc5 Bxc5 18. Bg5 Rd6 19. Bxf6 Qxe2+ 20. Kxe2 1/2-1/2

[Event "MČR v bleskovém šachu družstev 2019"]
[Site "Teplice, Czech Republic"]
[Date "2019.09.14"]
[Round "5.19"]
[White "Hoke, Petr"]
[Black "Postupa, Martin"]
[Result "1-0"]
[TimeControl "3 mim. + 2 s"]
[WhiteFideId "305006"]
[BlackFideId "325210"]
[WhiteElo "1946"]
[BlackElo "1958"]

1. e4 e5 2. Nf3 Nc6 3. d3 Be7 4. Be2 Nf6 5. O-O O-O 6. c3 d5 7. Nbd2 h6 8. Qc2 d4 9. c4 a5 10. a3 b6 11. Re1 Bd6 12. Nf1 Ng4 13. h3 Nf6 14. Ng3 Nh7 15. Bd2 Ne7 16. b4 axb4 17. axb4 Rxa1 18. Rxa1 Bb7 19.
c5 bxc5 20. bxc5 f5 21. cxd6 cxd6 22.
Qb3+ Kh8 23. Qxb7 fxe4 24. Nxe4 Nf5 25. Ra7 Nf6 26. Bxh6 Nxe4 27. Bxg7+ Kg8 28. dxe4 Re8 29. exf5 1-0

[Event "MČR v bleskovém šachu družstev 2019"]
[Site "Teplice, Czech Republic"]
[Date "2019.09.14"]
[Round "5.21"]
[White "Bach, Markus"]
[Black "Novotny, Michal"]
[Result "1-0"]
[TimeControl "3 mim. + 2 s"]
[BlackTitle "FM"]
[WhiteFideId "24603376"]
[BlackFideId "310980"]
[WhiteElo "2259"]
[BlackElo "2299"]

1. d4 e6 2. g3 d5 3. Nf3 Nf6 4. Bg2 Be7 5.
O-O O-O 6. c4 dxc4 7. Qc2 b6 8.
Qxc4 Bb7 9. Nc3 Nbd7 10. Bf4 Rc8 11. Qa4 a6 12. Rfd1 Nd5 13. Nxd5 exd5 14. Ne5 Nxe5 15. dxe5 c5 16.
Qb3 c4 17. Qc3 Bc5 18. Bxd5 Bxd5 19.
e4 Bxe4 20. Rxd8 Rfxd8 21. Be3 Bd3 22. Re1 h6 23. Bxc5 Rxc5 24.
e6 fxe6 25. Rxe6 Bf5 26. Re7 Rd1+ 27. Kg2 Be4+ 28. Rxe4 Rc7 29.
Rd4 Ra1 30. Rxc4 Rf7 31. Rc8+ Kh7 32. Qc2+ g6 33. Rc7 Kg7 34.
Rxf7+ Kxf7 35. Qb3+ Kg7 36.
Qxb6 Rxa2 37. Qc7+ Kh8 38. Qd8+ Kg7 39. Qe7+ Kh8 40. Qf8+ 1-0

[Event "MČR v bleskovém šachu družstev 2019"]
[Site "Teplice, Czech Republic"]
[Date "2019.09.14"]
[Round "5.22"]
[White "Rolinek, Dominik"]
[Black "Buchcar, Tomas"]
[Result "0-1"]
[TimeControl "3 mim. + 2 s"]
[WhiteFideId "384569"]
[BlackFideId "328421"]
[WhiteElo "1885"]
[BlackElo "2145"]

1. d4 Nf6 2. Bf4 c5 3.
c3 b6 4.
e3 Bb7 5. Nf3 d6 6. Bd3 Nbd7 7. Nbd2 Qc7 8. O-O h6 9. e4 g5 10. Bg3 Bg7 11. e5 dxe5 12. dxe5 Nh5 13. e6 Nxg3 14. exd7+ Qxd7 15. hxg3 Qxd3 16. Qa4+ Qd7 17. Qxd7+ Kxd7 18. Rad1 Rad8 19. Nc4+ Kc8 20.
Nce5 Bxf3 21. Nxf3 Rxd1 22. Rxd1 Rd8 23. Rxd8+ Kxd8 24. Kf1 e6 25. Ke2 Kd7 26. Kd3 Kc6 27. g4 f5 28. gxf5 exf5 29. Nd2 b5 30. b3 Bf6 31. c4 a6 32.
f3 h5 33. Nf1 f4 34. Nd2 Be7 35. Ne4 Kd7 36. Nd2 Ke6 37. Ke4 b4 38. Nf1 Bd6 39. Nd2 Be5 40. Nf1 g4 41. fxg4 hxg4 42.
Nd2 Bb8 43. Nf1 Kf6 44. Nh2 Kg5 45. Nf1 Kh4 46. Kd3 f3 47. gxf3 gxf3 48. Ke3 Kg4 49. Nh2+ Bxh2 50. Kd4 0-1

[Event "MČR v bleskovém šachu družstev 2019"]
[Site "Teplice, Czech Republic"]
[Date "2019.09.14"]
[Round "5.23"]
[White "Tresnak, Filip"]
[Black "Hosnedl, Matyas"]
[Result "0-1"]
[TimeControl "3 mim. + 2 s"]
[WhiteFideId "333905"]
[BlackFideId "390011"]
[WhiteElo "1931"]
[BlackElo "1852"]

1. e4 e6 2. d4 d5 3. Nc3 Nf6 4. e5 Nfd7 5. f4 c5 6. Nf3 Nc6 7. Be3 f6 8. Be2 Be7 9.
O-O O-O 10. Qd2 fxe5 11. fxe5 cxd4 12. Bxd4 Nxd4 13. Nxd4 Nxe5 14. Qe3 Bf6 15. Rad1 Qb6 16. Na4 Qb4 17. b3 b5 18. Nxb5 Bd7 19.
a3 Qa5 20. Nac3 Rac8 21. b4 Qb6 22. Qxb6 axb6 23. Na4 Rxc2 24.
Nd4 Bxa4 25. Nxc2 Bxc2 26. Rc1 Ba4 27. b5 Bb3 28. Rc7 Bc4 29. Bxc4 Nxc4 30. a4 Bd4+ 31. Kh1 Rxf1# 0-1

[Event "MČR v bleskovém šachu družstev 2019"]
[Site "Teplice, Czech Republic"]
[Date "2019.09.14"]
[Round "5.24"]
[White "Stastna, Martina"]
[Black "Prudek, Jiri"]
[Result "0-1"]
[TimeControl "3 mim. + 2 s"]
[WhiteFideId "385123"]
[BlackFideId "327310"]
[WhiteElo "1657"]
[BlackElo "1962"]

1. e4 c5 2. Nf3 e6 3. d4 cxd4 4. Nxd4 a6 5. Nc3 b5 6. a3 Bb7 7. Bd3 Qc7 8.
O-O d6 9. f4 Nd7 10. Kh1 Ngf6 11. Qe2 h5 12.
Nf3 h4 13. f5 e5 0-1

[Event "MČR v bleskovém šachu družstev 2019"]
[Site "Teplice, Czech Republic"]
[Date "2019.09.14"]
[Round "5.25"]
[White "Sprenar, Petr"]
[Black "Bernasek, Jan"]
[Result "0-1"]
[TimeControl "3 mim. + 2 s"]
[BlackTitle "GM"]
[WhiteFideId "397164"]
[BlackFideId "311995"]
[WhiteElo "2173"]
[BlackElo "2526"]

1. d4 Nf6 2. Nf3 e6 3.
c4 Bb4+ 4. Bd2 c5 5. Bxb4 cxb4 6. e3 O-O 7. Bd3 d6 8. O-O Nbd7 9.
a3 bxa3 10. Rxa3 e5 11. Nc3 Re8 12. dxe5 dxe5 13. Ne4 Nxe4 14. Bxe4 Qb6 15. Rb3 Qc7 16. Bd5 Nf6 17. e4 Nxd5 18.
cxd5 Bd7 19. Qc1 Qb8 20. Qc3 b6 21. Rc1 Rc8 22. Qd2 Rxc1+ 23. Qxc1 Qd6 24. Rc3 h6 25. h3 f5 26. exf5 Bxf5 27. Qe3 e4 28.
Nd4 Bh7 29. Nc6 Re8 30. Qd4 Kh8 31. Rg3 Qd7 32. d6 Re6 33. Ne7 Rxe7 34. dxe7 Qxe7 35. Re3 Bg6 36. b4 Kh7 37. g3 a5 38.
bxa5 bxa5 39. h4 Qc7 40. h5 Bxh5 41. Qxe4+ Bg6 42. Qe5 Qc1+ 43. Re1 Qa3 44. Qe3 Qd6 45. Ra1 Qb4 46. Qa3 Qe4 47.
Qxa5 Qf3 48. Qa3 Qh5 49. Qe3 Qd5 50. Re1 Qh5 51. Qe2 Qh3 52. Qf1 Qg4 53. Qg2 Qg5 54. f4 Qg4 55. Kh2 Qh5+ 56. Qh3 Qd5 57. g4 Qd2+ 58. Qg2 Qxe1 59. f5 Qh4+ 60. Kg1 Bf7 61. Qe4 Qg3+ 62. Kf1 Kh8 63. Qa8+ 0-1

[Event "MČR v bleskovém šachu družstev 2019"]
[Site "Teplice, Czech Republic"]
[Date "2019.09.14"]
[Round "5.26"]
[White "Cernousek, Lukas"]
[Black "Lorenc, Tomas"]
[Result "0-1"]
[TimeControl "3 mim. + 2 s"]
[WhiteTitle "IM"]
[WhiteFideId "311707"]
[BlackFideId "313203"]
[WhiteElo "2473"]
[BlackElo "2094"]

1. Nf3 Nf6 2. e3 g6 3. c4 c5 4. b3 Bg7 5. Bb2 O-O 6. d4 d6 7. d5 Nbd7 8. Be2 b5 9. cxb5 a6 10. O-O axb5 11. Bxb5 Ba6 12. Nc3 Ne4 13.
Bxa6 Nxc3 14. Qc2 Rxa6 15. Bxc3 Bxc3 16. Qxc3 Qa8 17. Qd2 Nf6 18. Rfd1 Rb8 19. Ne1 Rxb3 20. axb3 Rxa1 21. Rxa1 Qxa1 22. f3 Nxd5 23. Kf2 Nb4 24. h4 Qa2 25.
Ke2 Qxd2+ 26. Kxd2 e5 27. e4 f5 28. Kc3 Kf7 29. Kc4 Ke6 30. g4 f4 31. g5 Nc6 32. Nd3 Nd4 33. Ne1 Ne2 34. b4 cxb4 35. Kxb4 d5 36. exd5+ Kxd5 37. Kb3 Kd4 38. Kc2 Ke3 39. Kd1 Nd4 0-1

[Event "MČR v bleskovém šachu družstev 2019"]
[Site "Teplice, Czech Republic"]
[Date "2019.09.14"]
[Round "5.27"]
[White "Spicka, Jan"]
[Black "Vrbata, Zbynek"]
[Result "0-1"]
[TimeControl "3 mim. + 2 s"]
[BlackTitle "FM"]
[WhiteFideId "366781"]
[BlackFideId "301256"]
[WhiteElo "1930"]
[BlackElo "2324"]

1. e4 e6 2. d4 d5 3. Nd2 Nf6 4. e5 Nfd7 5. Bd3 c5 6. c3 Nc6 7. Ne2 cxd4 8. cxd4 f6 9.
exf6 Nxf6 10. O-O Qc7 11. Nf3 Bd6 12.
Bg5 O-O 13. Bh4 Nh5 14. Qc2 h6 15. Bg6 Rxf3 16. Bxh5 Rf5 17. Bg4 Rf7 18. Bg3 Bd7 19. Bxd6 Qxd6 20. Rad1 Raf8 21. Ng3 Rf4 22.
Bf3 Nxd4 23. Qd2 Nxf3+ 24. gxf3 Rxf3 25. Kg2 Bc6 26. Rde1 Kh8 27. h3 e5 28. Re3 d4 29. Rxf3 Rxf3 30.
Kh2 e4 31. Rd1 e3 32. Qxd4 Rxf2+ 33. Kg1 Qxg3# 0-1

[Event "MČR v bleskovém šachu družstev 2019"]
[Site "Teplice, Czech Republic"]
[Date "2019.09.14"]
[Round "5.28"]
[White "Kuba, Jindrich"]
[Black "Lorencova, Vera"]
[Result "1-0"]
[TimeControl "3 mim. + 2 s"]
[WhiteTitle "FM"]
[WhiteFideId "318248"]
[BlackFideId "321397"]
[WhiteElo "2223"]
[BlackElo "1921"]

1. e4 d5 2. exd5 Nf6 3.
d4 Nxd5 4. Nf3 g6 5. Be2 Bg7 6. O-O O-O 7. c4 Nb6 8. Nc3 Nc6 9. Be3 Bf5 10. Rc1 e5 11. d5 Ne7 12. Nh4 Bd7 13.
Nf3 f5 14. c5 Nbc8 15. Bc4 Kh8 16.
Bg5 Qe8 17. Qd2 Ng8 18. Rfe1 e4 19. Nd4 Nce7 20. h4 Nf6 21. b4 Ng4 22. f3 Ne5 23. Bb3 exf3 24. Nxf3 Nxf3+ 25. gxf3 Bf6 26. Bxf6+ Rxf6 27. Qg5 Qf8 28. Re2 Re8 29. Rce1 h6 30. Qe3 Rf7 31. Qd4+ Kh7 32.
b5 Qg7 33. Qxg7+ Rxg7 34. Kf2 g5 35.
hxg5 Rxg5 36. d6 Rh5 37. Rxe7+ 1-0

[Event "MČR v bleskovém šachu družstev 2019"]
[Site "Teplice, Czech Republic"]
[Date "2019.09.14"]
[Round "6.1"]
[White "Vykouk, Jan"]
[Black "Kociscak, Jiri"]
[Result "1-0"]
[TimeControl "3 mim. + 2 s"]
[WhiteTitle "IM"]
[BlackTitle "IM"]
[BlackFideId "322121"]
[WhiteElo "2439"]
[BlackElo "2417"]

1. e4 e5 2. Nf3 Nc6 3.
Bc4 Nf6 4. d3 Be7 5. O-O O-O 6. Re1 d6 7. c3 h6 8. Nbd2 Nh7 9. d4 Bf6 10. Nf1 Ng5 11. Nxg5 hxg5 12. d5 Ne7 13.
Be2 c6 14. c4 Qb6 15. b3 a5 16. Be3 Qc7 17. Bg4 a4 18. Bxc8 Rfxc8 19. Qg4 b5 20. Bxg5 Bxg5 21. Qxg5 Ng6 22.
g3 cxd5 23. cxd5 Qc2 24. Ne3 Qxe4 25. Nf5 Qb4 26. h4 Rc2 27. h5 Qc5 28. Rf1 axb3 29. hxg6 fxg6 30. Qxg6 Ra7 31. Qe6+ Kh7 32.
Ne3 Rcxa2 33. Rac1 1-0